 Dungeon Crawl Stone Soup version 0.20.1-1-g8b1a95d (webtiles) character file.

289 Lanoc the Sneak (level 6, -4/46 HPs)
             Began as a Vampire Assassin on Dec 5, 2017.
             Killed by divine providence
             ... invoked by an orc priest
              (15 damage)
             ... on level 3 of the Dungeon.
             The game lasted 00:08:55 (2423 turns).

Lanoc the Sneak (Vampire Assassin)                  Turns: 2423, Time: 00:08:56

Health: -4/46      AC:  3    Str: 11    XL:     6   Next: 9%
Magic:  6/6        EV: 13    Int: 14    God:
Gold:   161        SH:  0    Dex: 16    Spells: 5/5 levels left

rFire    . . .     SeeInvis +   b - +0 blowgun
rCold    . . .     Gourm    .   (no shield)
rNeg     + . .     Faith    .   c - +0 robe
rPois    .         Spirit   .   (no helmet)
rElec    .         Reflect  .   d - +0 cloak
rCorr    .         Harm     .   (no gloves)
MR       .....                  (no boots)
Stlth    ++++......             (no amulet)
Regen    0.2/turn               (no ring)
MPRegen  0.1/turn               (no ring)

@: no status effects
A: fangs 3, see invisible, unbreathing
a: Bat Form


You were on level 3 of the Dungeon.
You were not thirsty.

You visited 1 branch of the dungeon, and saw 3 of its levels.

You collected 161 gold pieces.

Inventory:

Hand Weapons
 a - a +2 dagger
 b - a +0 blowgun (weapon)
Missiles
 e - 17 poisoned needles (quivered)
 f - a curare-tipped needle
 p - 2 silver tomahawks
Armour
 c - a +0 robe (worn)
 d - a +0 cloak (worn)
Scrolls
 h - 3 scrolls of teleportation {unknown}
 i - 2 scrolls of enchant armour {unknown}
 j - a scroll of identify {unknown}
 k - a scroll of enchant weapon {unknown}
 l - 2 scrolls of recharging {unknown}
Potions
 g - 20 potions of blood
 n - a potion of magic


   Skills:
 + Level 2.5 Fighting
 * Level 4.4 Short Blades
 + Level 2.3 Throwing
 + Level 2.5 Dodging
 * Level 7.7 Stealth


You had 5 spell levels left.
You didn't know any spells.

Dungeon Overview and Level Annotations

Branches:
Dungeon (3/15)

Altars:
Ashenzari
Gozag
Makhleb
Sif Muna


Innate Abilities, Weirdness & Mutations

You have razor-sharp teeth.
You have supernaturally acute eyesight. (SInv)
You can survive without breathing.


Message History

The orc priest looks even sicker.
The orc priest is moderately wounded.
Firing (i - inventory. (,) - cycle):
e - 19 poisoned needles (quivered)
Press: ? - help, Shift-Dir - straight line, f/p - orc priest
Aim: an orc priest, wielding a dagger (moderately wounded, poisoned)
You shoot a poisoned needle.
The poisoned needle hits the orc priest.
The orc priest looks even sicker.
The orc priest is moderately wounded.
Firing (i - inventory. (,) - cycle):
e - 18 poisoned needles (quivered)
Press: ? - help, Shift-Dir - straight line, f/p - orc priest
Aim: an orc priest, wielding a dagger (moderately wounded, poisoned)
You shoot a poisoned needle.
The poisoned needle closely misses the orc priest.
The orc priest calls down the wrath of Beogh upon you.
Beogh smites you!
* * * LOW HITPOINT WARNING * * *
The orc priest invokes the aid of Beogh against you.
Beogh smites you!
You die...

o..........#.##..#.##........##
.##.#o.###.#.##..#.##....#.###
.##.#.o###.#.##....##....#.#
...........((.((.........#.#
................###.#....#.#
.###.#.###..........o......# .#
#.#.# #.##...###..#.....# .#
#.#.# #......##.........#
.###.#.# #.###..@.........)###
.....#.# #.#...............).#
####.#.###.#.#..##........####
.......................#..#
####.#.###.#.#..##...###..#
...#.#(###.#.#.)#.........#
##.#)#..................####
##.#(#.###.#.#.............#
...........#.#.#####.#####.#


You could see an orc priest.

Vanquished Creatures
  Sigmund (D:2)
  A worker ant (D:3)
  2 adders
  3 gnolls (D:3)
  An ooze (D:3)
  4 worms
  2 dart slugs
  A leopard gecko (D:3)
  3 orcs (D:3)
  A giant cockroach (D:2)
  6 goblins
  6 hobgoblins
  4 bats (D:1)
  5 frilled lizards
  10 kobolds
  3 rats
53 creatures vanquished.

Notes
Turn   | Place    | Note
-------+----------+-------------------------------------------
     0 | D:1      | Lanoc the Vampire Assassin began the quest for the Orb.
     0 | D:1      | Reached XP level 1. HP: 16/16 MP: 1/1
    67 | D:1      | Reached skill level 6 in Stealth
   158 | D:1      | Reached XP level 2. HP: 10/22 MP: 2/2
  1134 | D:2      | Noticed Sigmund
  1160 | D:2      | Killed Sigmund
  1160 | D:2      | Reached skill level 7 in Stealth
  1160 | D:2      | Reached XP level 3. HP: 12/28 MP: 3/3
  1160 | D:2      | Reached XP level 4. HP: 14/34 MP: 4/4
  1160 | D:2      | Reached XP level 5. HP: 16/39 MP: 5/5
  1455 | D:2      | Found a shattered altar of Ashenzari.
  1455 | D:2      | Found a deep blue altar of Sif Muna.
  1457 | D:2      | Found an opulent altar of Gozag.
  1457 | D:2      | Found a burning altar of Makhleb.
  2227 | D:3      | Reached XP level 6. HP: 5/46 MP: 6/6
  2227 | D:3      | HP: 1/46 [gnoll/spear (4)]
  2423 | D:3      | Killed from afar by an orc priest

Skill      XL: |  1  2  3  4  5 |
---------------+----------------+-----
Stealth        | 6 7 |  7.7
Fighting       | 2 |  2.5
Short Blades   | 3 4 |  4.4
Throwing       | 2 |  2.3
Dodging        | 2 |  2.5

Action                   |  1- 3 |  4- 6 || total
-------------------------+-------+-------++-------
Melee: Dagger            |    63 |    81 ||   144
       Bite              |     2 |     4 ||     6
 Fire: Blowgun           |    14 |     7 ||    21
Throw: Tomahawk          |       |     1 ||     1
  Use: Potion            |       |     9 ||     9
 Stab: Sleeping          |     7 |    11 ||    18
       Distracted        |       |     1 ||     1
Armor: Robe              |     6 |     6 ||    12
Dodge: Dodged            |    36 |    36 ||    72
